Workbook

Sheet Painel
B2: Planejamento de Festa ou Casamento
B3: Orçamento, convidados e tarefas em um só lugar. Serve para casamento, aniversário, 15 anos, chá de bebê e formatura.
B5: Evento: | C5: Casamento de Ana & Pedro | G5: =IF(C6="","",IF(C6<TODAY(),"O evento já aconteceu!",IF(C6=TODAY(),"É HOJE!","Faltam "&(C6-TODAY())&" dias"))) -> Faltam 209 dias
B6: Data do evento: | C6: 46522
B7: Orçamento total: | C7: 48000
B9: CONTRATADO | D9: JÁ PAGO | F9: SALDO DO ORÇAMENTO | H9: CONVIDADOS CONFIRMADOS | J9: TAREFAS CONCLUÍDAS
B10: =SUM(Orçamento!$D$6:$D$40) -> 41370 | D10: =SUM(Orçamento!$E$6:$E$40) -> 13930 | F10: =C7-MAX(SUM(Orçamento!$C$6:$C$40),SUM(Orçamento!$D$6:$D$40)) -> 2000 | H10: =SUMIFS(Convidados!$E$6:$E$305,Convidados!$G$6:$G$305,"Sim")+SUMIFS(Convidados!$F$6:$F$305,Convidados!$G$6:$G$305,"Sim") -> 22 | J10: =IFERROR(COUNTIF(Tarefas!$F$6:$F$85,"Feita")/COUNTA(Tarefas!$B$6:$B$85),0) -> 0.375
B13: Orçamento por categoria | H13: Convidados
B14: Categoria | C14: Previsto | D14: Contratado | E14: Pago | F14: Falta pagar | H14: Resumo | J14: Total
B15: =IF(Orçamento!B6="","",Orçamento!B6) -> Local / espaço | C15: =IF(B15="","",SUMIFS(Orçamento!$C$6:$C$40,Orçamento!$B$6:$B$40,B15)) -> 9000 | D15: =IF(B15="","",SUMIFS(Orçamento!$D$6:$D$40,Orçamento!$B$6:$B$40,B15)) -> 9500 | E15: =IF(B15="","",SUMIFS(Orçamento!$E$6:$E$40,Orçamento!$B$6:$B$40,B15)) -> 4750 | F15: =IF(B15="","",MAX(0,D15-E15)) -> 4750 | H15: Convites enviados | J15: =COUNTIF(Convidados!$H$6:$H$305,"Sim") -> 8
B16: =IF(Orçamento!B7="","",Orçamento!B7) -> Buffet | C16: =IF(B16="","",SUMIFS(Orçamento!$C$6:$C$40,Orçamento!$B$6:$B$40,B16)) -> 15000 | D16: =IF(B16="","",SUMIFS(Orçamento!$D$6:$D$40,Orçamento!$B$6:$B$40,B16)) -> 14200 | E16: =IF(B16="","",SUMIFS(Orçamento!$E$6:$E$40,Orçamento!$B$6:$B$40,B16)) -> 4260 | F16: =IF(B16="","",MAX(0,D16-E16)) -> 9940 | H16: Confirmados (pessoas) | J16: =H10 -> 22
B17: =IF(Orçamento!B8="","",Orçamento!B8) -> Bebidas | C17: =IF(B17="","",SUMIFS(Orçamento!$C$6:$C$40,Orçamento!$B$6:$B$40,B17)) -> 3500 | D17: =IF(B17="","",SUMIFS(Orçamento!$D$6:$D$40,Orçamento!$B$6:$B$40,B17)) -> 3200 | E17: =IF(B17="","",SUMIFS(Orçamento!$E$6:$E$40,Orçamento!$B$6:$B$40,B17)) -> 0 | F17: =IF(B17="","",MAX(0,D17-E17)) -> 3200 | H17: Não vão | J17: =SUMIFS(Convidados!$E$6:$E$305,Convidados!$G$6:$G$305,"Não")+SUMIFS(Convidados!$F$6:$F$305,Convidados!$G$6:$G$305,"Não") -> 3
B18: =IF(Orçamento!B9="","",Orçamento!B9) -> Decoração e flores | C18: =IF(B18="","",SUMIFS(Orçamento!$C$6:$C$40,Orçamento!$B$6:$B$40,B18)) -> 4500 | D18: =IF(B18="","",SUMIFS(Orçamento!$D$6:$D$40,Orçamento!$B$6:$B$40,B18)) -> 5100 | E18: =IF(B18="","",SUMIFS(Orçamento!$E$6:$E$40,Orçamento!$B$6:$B$40,B18)) -> 1500 | F18: =IF(B18="","",MAX(0,D18-E18)) -> 3600 | H18: Sem resposta (pessoas) | J18: =SUMIFS(Convidados!$E$6:$E$305,Convidados!$G$6:$G$305,"")+SUMIFS(Convidados!$F$6:$F$305,Convidados!$G$6:$G$305,"")+SUMIFS(Convidados!$E$6:$E$305,Convidados!$G$6:$G$305,"Talvez")+SUMIFS(Convidados!$F$6:$F$305,Convidados!$G$6:$G$305,"Talvez") -> 9
B19: =IF(Orçamento!B10="","",Orçamento!B10) -> Fotografia e vídeo | C19: =IF(B19="","",SUMIFS(Orçamento!$C$6:$C$40,Orçamento!$B$6:$B$40,B19)) -> 4000 | D19: =IF(B19="","",SUMIFS(Orçamento!$D$6:$D$40,Orçamento!$B$6:$B$40,B19)) -> 3800 | E19: =IF(B19="","",SUMIFS(Orçamento!$E$6:$E$40,Orçamento!$B$6:$B$40,B19)) -> 1900 | F19: =IF(B19="","",MAX(0,D19-E19)) -> 1900 | H19: Adultos confirmados | J19: =SUMIFS(Convidados!$E$6:$E$305,Convidados!$G$6:$G$305,"Sim") -> 16
B20: =IF(Orçamento!B11="","",Orçamento!B11) -> Música / DJ | C20: =IF(B20="","",SUMIFS(Orçamento!$C$6:$C$40,Orçamento!$B$6:$B$40,B20)) -> 2500 | D20: =IF(B20="","",SUMIFS(Orçamento!$D$6:$D$40,Orçamento!$B$6:$B$40,B20)) -> 2300 | E20: =IF(B20="","",SUMIFS(Orçamento!$E$6:$E$40,Orçamento!$B$6:$B$40,B20)) -> 0 | F20: =IF(B20="","",MAX(0,D20-E20)) -> 2300 | H20: Crianças confirmadas | J20: =SUMIFS(Convidados!$F$6:$F$305,Convidados!$G$6:$G$305,"Sim") -> 6
B21: =IF(Orçamento!B12="","",Orçamento!B12) -> Bolo e doces | C21: =IF(B21="","",SUMIFS(Orçamento!$C$6:$C$40,Orçamento!$B$6:$B$40,B21)) -> 1800 | D21: =IF(B21="","",SUMIFS(Orçamento!$D$6:$D$40,Orçamento!$B$6:$B$40,B21)) -> 1650 | E21: =IF(B21="","",SUMIFS(Orçamento!$E$6:$E$40,Orçamento!$B$6:$B$40,B21)) -> 500 | F21: =IF(B21="","",MAX(0,D21-E21)) -> 1150 | H21: Custo por convidado | J21: =IFERROR(SUM(Orçamento!$D$6:$D$40)/H10,0) -> 1880.4545
B22: =IF(Orçamento!B13="","",Orçamento!B13) -> Roupas e beleza | C22: =IF(B22="","",SUMIFS(Orçamento!$C$6:$C$40,Orçamento!$B$6:$B$40,B22)) -> 3000 | D22: =IF(B22="","",SUMIFS(Orçamento!$D$6:$D$40,Orçamento!$B$6:$B$40,B22)) -> 0 | E22: =IF(B22="","",SUMIFS(Orçamento!$E$6:$E$40,Orçamento!$B$6:$B$40,B22)) -> 0 | F22: =IF(B22="","",MAX(0,D22-E22)) -> 0
B23: =IF(Orçamento!B14="","",Orçamento!B14) -> Convites e lembrancinhas | C23: =IF(B23="","",SUMIFS(Orçamento!$C$6:$C$40,Orçamento!$B$6:$B$40,B23)) -> 800 | D23: =IF(B23="","",SUMIFS(Orçamento!$D$6:$D$40,Orçamento!$B$6:$B$40,B23)) -> 720 | E23: =IF(B23="","",SUMIFS(Orçamento!$E$6:$E$40,Orçamento!$B$6:$B$40,B23)) -> 720 | F23: =IF(B23="","",MAX(0,D23-E23)) -> 0
B24: =IF(Orçamento!B15="","",Orçamento!B15) -> Cerimônia | C24: =IF(B24="","",SUMIFS(Orçamento!$C$6:$C$40,Orçamento!$B$6:$B$40,B24)) -> 900 | D24: =IF(B24="","",SUMIFS(Orçamento!$D$6:$D$40,Orçamento!$B$6:$B$40,B24)) -> 900 | E24: =IF(B24="","",SUMIFS(Orçamento!$E$6:$E$40,Orçamento!$B$6:$B$40,B24)) -> 300 | F24: =IF(B24="","",MAX(0,D24-E24)) -> 600 | H24: Próximas tarefas
B25: =IF(Orçamento!B16="","",Orçamento!B16) -> Outros | C25: =IF(B25="","",SUMIFS(Orçamento!$C$6:$C$40,Orçamento!$B$6:$B$40,B25)) -> 1000 | D25: =IF(B25="","",SUMIFS(Orçamento!$D$6:$D$40,Orçamento!$B$6:$B$40,B25)) -> 0 | E25: =IF(B25="","",SUMIFS(Orçamento!$E$6:$E$40,Orçamento!$B$6:$B$40,B25)) -> 0 | F25: =IF(B25="","",MAX(0,D25-E25)) -> 0 | H25: =IF(K25="","",INDEX(Tarefas!$B$6:$B$85,MATCH(K25,Tarefas!$I$6:$I$85,0))) -> Escolher roupas | K25: =IFERROR(SMALL(Tarefas!$I$6:$I$85,1),"") -> 46341
B26: =IF(Orçamento!B17="","",Orçamento!B17) | C26: =IF(B26="","",SUMIFS(Orçamento!$C$6:$C$40,Orçamento!$B$6:$B$40,B26)) | D26: =IF(B26="","",SUMIFS(Orçamento!$D$6:$D$40,Orçamento!$B$6:$B$40,B26)) | E26: =IF(B26="","",SUMIFS(Orçamento!$E$6:$E$40,Orçamento!$B$6:$B$40,B26)) | F26: =IF(B26="","",MAX(0,D26-E26)) | H26: =IF(K26="","",INDEX(Tarefas!$B$6:$B$85,MATCH(K26,Tarefas!$I$6:$I$85,0))) -> Enviar save the date | K26: =IFERROR(SMALL(Tarefas!$I$6:$I$85,2),"") -> 46341
B27: Vermelho em Contratado = ficou mais caro que o previsto. | H27: =IF(K27="","",INDEX(Tarefas!$B$6:$B$85,MATCH(K27,Tarefas!$I$6:$I$85,0))) -> Encomendar bolo e doces | K27: =IFERROR(SMALL(Tarefas!$I$6:$I$85,3),"") -> 46402
H28: =IF(K28="","",INDEX(Tarefas!$B$6:$B$85,MATCH(K28,Tarefas!$I$6:$I$85,0))) -> Enviar convites | K28: =IFERROR(SMALL(Tarefas!$I$6:$I$85,4),"") -> 46433
H29: =IF(K29="","",INDEX(Tarefas!$B$6:$B$85,MATCH(K29,Tarefas!$I$6:$I$85,0))) -> Definir cardápio e bebidas | K29: =IFERROR(SMALL(Tarefas!$I$6:$I$85,5),"") -> 46461
B44: Modelo gratuito do DocFree · docfree.com.br

Sheet Orçamento
B2: Orçamento e fornecedores
B3: Uma linha por fornecedor ou item. As categorias desta coluna aparecem no painel.
B5: Categoria | C5: Previsto | D5: Contratado | E5: Pago | F5: Fornecedor | G5: Contato | H5: Próximo pagamento | I5: Observação
B6: Local / espaço | C6: 9000 | D6: 9500 | E6: 4750 | F6: Espaço Jardim das Flores | G6: (11) 99999-0001 | H6: 46433
B7: Buffet | C7: 15000 | D7: 14200 | E7: 4260 | F7: Buffet Sabor & Arte | G7: (11) 99999-0002 | H7: 46366
B8: Bebidas | C8: 3500 | D8: 3200 | E8: 0 | F8: Distribuidora Brinde | G8: (11) 99999-0003 | H8: 46507
B9: Decoração e flores | C9: 4500 | D9: 5100 | E9: 1500 | F9: Ateliê Floral | G9: (11) 99999-0004 | H9: 46407
B10: Fotografia e vídeo | C10: 4000 | D10: 3800 | E10: 1900 | F10: Foto Momentos | G10: (11) 99999-0005 | H10: 46451
B11: Música / DJ | C11: 2500 | D11: 2300 | E11: 0 | F11: DJ Lucas | G11: (11) 99999-0006 | H11: 46508
B12: Bolo e doces | C12: 1800 | D12: 1650 | E12: 500 | F12: Doceria da Vó | G12: (11) 99999-0007 | H12: 46492
B13: Roupas e beleza | C13: 3000
B14: Convites e lembrancinhas | C14: 800 | D14: 720 | E14: 720 | F14: Gráfica Arte
B15: Cerimônia | C15: 900 | D15: 900 | E15: 300 | F15: Celebrante | H15: 46508
B16: Outros | C16: 1000
B42: Laranja em Próximo pagamento = vence nos próximos 15 dias.

Sheet Convidados
B2: Lista de convidados
B3: Uma linha por família ou convite. Informe quantos adultos e crianças e marque a confirmação.
B5: Nome / família | C5: Lado / grupo | D5: Telefone | E5: Adultos | F5: Crianças | G5: Confirmou? | H5: Convite enviado? | I5: Mesa | J5: Observação
B6: Família Souza | C6: Noiva | D6: (11) 98888-1000 | E6: 4 | F6: 2 | G6: Sim | H6: Sim
B7: Família Oliveira | C7: Noivo | D7: (11) 98888-1111 | E7: 3 | F7: 1 | G7: Sim | H7: Sim
B8: Tia Marta e tio Jorge | C8: Noiva | D8: (11) 98888-1222 | E8: 2 | F8: 0 | G8: Sim | H8: Sim
B9: Carla e Bruno | C9: Amigos | D9: (11) 98888-1333 | E9: 2 | F9: 0 | G9: Talvez | H9: Sim
B10: Ricardo Lima | C10: Trabalho | D10: (11) 98888-1444 | E10: 1 | F10: 0 | H10: Sim
B11: Família Santos | C11: Noivo | D11: (11) 98888-1555 | E11: 2 | F11: 3 | G11: Sim | H11: Sim
B12: Juliana e Marcos | C12: Amigos | D12: (11) 98888-1666 | E12: 2 | F12: 1 | G12: Não | H12: Sim
B13: Vó Lurdes | C13: Noiva | D13: (11) 98888-1777 | E13: 1 | F13: 0 | G13: Sim | H13: Sim
B14: Equipe do escritório | C14: Trabalho | D14: (11) 98888-1888 | E14: 6 | F14: 0 | H14: Não
B15: Primos Ferreira | C15: Noivo | D15: (11) 98888-1999 | E15: 4 | F15: 0 | G15: Sim | H15: Não

Sheet Tarefas
B2: Checklist de tarefas
B3: As datas são calculadas a partir da data do evento. Marque Feita conforme for resolvendo.
B5: Tarefa | C5: Quanto tempo antes | D5: Fazer até | E5: Responsável | F5: Status | G5: Alerta
B6: Definir orçamento e lista prévia de convidados | C6: 12 meses | D6: =IF(C6="","",IF(C6="12 meses",EDATE(Painel!$C$6,-12),IF(C6="10 meses",EDATE(Painel!$C$6,-10),IF(C6="8 meses",EDATE(Painel!$C$6,-8),IF(C6="6 meses",EDATE(Painel!$C$6,-6),IF(C6="4 meses",EDATE(Painel!$C$6,-4),IF(C6="3 meses",EDATE(Painel!$C$6,-3),IF(C6="2 meses",EDATE(Painel!$C$6,-2),IF(C6="1 mês",EDATE(Painel!$C$6,-1),IF(C6="2 semanas",Painel!$C$6-14,IF(C6="1 semana",Painel!$C$6-7,IF(C6="1 dia",Painel!$C$6-1,"")))))))))))) -> 46157 | F6: Feita | G6: =IF(OR(B6="",F6="Feita",D6=""),"",IF(D6<TODAY(),"Atrasada",IF(D6-TODAY()<=30,"Este mês",""))) | I6: =IF(OR(B6="",D6="",F6="Feita"),"",D6+ROW()/100000)
B7: Escolher e reservar o local | C7: 12 meses | D7: =IF(C7="","",IF(C7="12 meses",EDATE(Painel!$C$6,-12),IF(C7="10 meses",EDATE(Painel!$C$6,-10),IF(C7="8 meses",EDATE(Painel!$C$6,-8),IF(C7="6 meses",EDATE(Painel!$C$6,-6),IF(C7="4 meses",EDATE(Painel!$C$6,-4),IF(C7="3 meses",EDATE(Painel!$C$6,-3),IF(C7="2 meses",EDATE(Painel!$C$6,-2),IF(C7="1 mês",EDATE(Painel!$C$6,-1),IF(C7="2 semanas",Painel!$C$6-14,IF(C7="1 semana",Painel!$C$6-7,IF(C7="1 dia",Painel!$C$6-1,"")))))))))))) -> 46157 | F7: Feita | G7: =IF(OR(B7="",F7="Feita",D7=""),"",IF(D7<TODAY(),"Atrasada",IF(D7-TODAY()<=30,"Este mês",""))) | I7: =IF(OR(B7="",D7="",F7="Feita"),"",D7+ROW()/100000)
B8: Contratar buffet | C8: 10 meses | D8: =IF(C8="","",IF(C8="12 meses",EDATE(Painel!$C$6,-12),IF(C8="10 meses",EDATE(Painel!$C$6,-10),IF(C8="8 meses",EDATE(Painel!$C$6,-8),IF(C8="6 meses",EDATE(Painel!$C$6,-6),IF(C8="4 meses",EDATE(Painel!$C$6,-4),IF(C8="3 meses",EDATE(Painel!$C$6,-3),IF(C8="2 meses",EDATE(Painel!$C$6,-2),IF(C8="1 mês",EDATE(Painel!$C$6,-1),IF(C8="2 semanas",Painel!$C$6-14,IF(C8="1 semana",Painel!$C$6-7,IF(C8="1 dia",Painel!$C$6-1,"")))))))))))) -> 46218 | F8: Feita | G8: =IF(OR(B8="",F8="Feita",D8=""),"",IF(D8<TODAY(),"Atrasada",IF(D8-TODAY()<=30,"Este mês",""))) | I8: =IF(OR(B8="",D8="",F8="Feita"),"",D8+ROW()/100000)
B9: Contratar fotografia e vídeo | C9: 10 meses | D9: =IF(C9="","",IF(C9="12 meses",EDATE(Painel!$C$6,-12),IF(C9="10 meses",EDATE(Painel!$C$6,-10),IF(C9="8 meses",EDATE(Painel!$C$6,-8),IF(C9="6 meses",EDATE(Painel!$C$6,-6),IF(C9="4 meses",EDATE(Painel!$C$6,-4),IF(C9="3 meses",EDATE(Painel!$C$6,-3),IF(C9="2 meses",EDATE(Painel!$C$6,-2),IF(C9="1 mês",EDATE(Painel!$C$6,-1),IF(C9="2 semanas",Painel!$C$6-14,IF(C9="1 semana",Painel!$C$6-7,IF(C9="1 dia",Painel!$C$6-1,"")))))))))))) -> 46218 | F9: Feita | G9: =IF(OR(B9="",F9="Feita",D9=""),"",IF(D9<TODAY(),"Atrasada",IF(D9-TODAY()<=30,"Este mês",""))) | I9: =IF(OR(B9="",D9="",F9="Feita"),"",D9+ROW()/100000)
B10: Contratar decoração | C10: 8 meses | D10: =IF(C10="","",IF(C10="12 meses",EDATE(Painel!$C$6,-12),IF(C10="10 meses",EDATE(Painel!$C$6,-10),IF(C10="8 meses",EDATE(Painel!$C$6,-8),IF(C10="6 meses",EDATE(Painel!$C$6,-6),IF(C10="4 meses",EDATE(Painel!$C$6,-4),IF(C10="3 meses",EDATE(Painel!$C$6,-3),IF(C10="2 meses",EDATE(Painel!$C$6,-2),IF(C10="1 mês",EDATE(Painel!$C$6,-1),IF(C10="2 semanas",Painel!$C$6-14,IF(C10="1 semana",Painel!$C$6-7,IF(C10="1 dia",Painel!$C$6-1,"")))))))))))) -> 46280 | F10: Feita | G10: =IF(OR(B10="",F10="Feita",D10=""),"",IF(D10<TODAY(),"Atrasada",IF(D10-TODAY()<=30,"Este mês",""))) | I10: =IF(OR(B10="",D10="",F10="Feita"),"",D10+ROW()/100000)
B11: Escolher roupas | C11: 6 meses | D11: =IF(C11="","",IF(C11="12 meses",EDATE(Painel!$C$6,-12),IF(C11="10 meses",EDATE(Painel!$C$6,-10),IF(C11="8 meses",EDATE(Painel!$C$6,-8),IF(C11="6 meses",EDATE(Painel!$C$6,-6),IF(C11="4 meses",EDATE(Painel!$C$6,-4),IF(C11="3 meses",EDATE(Painel!$C$6,-3),IF(C11="2 meses",EDATE(Painel!$C$6,-2),IF(C11="1 mês",EDATE(Painel!$C$6,-1),IF(C11="2 semanas",Painel!$C$6-14,IF(C11="1 semana",Painel!$C$6-7,IF(C11="1 dia",Painel!$C$6-1,"")))))))))))) -> 46341 | F11: Fazendo | G11: =IF(OR(B11="",F11="Feita",D11=""),"",IF(D11<TODAY(),"Atrasada",IF(D11-TODAY()<=30,"Este mês",""))) -> Este mês | I11: =IF(OR(B11="",D11="",F11="Feita"),"",D11+ROW()/100000) -> 46341
B12: Contratar música / DJ | C12: 6 meses | D12: =IF(C12="","",IF(C12="12 meses",EDATE(Painel!$C$6,-12),IF(C12="10 meses",EDATE(Painel!$C$6,-10),IF(C12="8 meses",EDATE(Painel!$C$6,-8),IF(C12="6 meses",EDATE(Painel!$C$6,-6),IF(C12="4 meses",EDATE(Painel!$C$6,-4),IF(C12="3 meses",EDATE(Painel!$C$6,-3),IF(C12="2 meses",EDATE(Painel!$C$6,-2),IF(C12="1 mês",EDATE(Painel!$C$6,-1),IF(C12="2 semanas",Painel!$C$6-14,IF(C12="1 semana",Painel!$C$6-7,IF(C12="1 dia",Painel!$C$6-1,"")))))))))))) -> 46341 | F12: Feita | G12: =IF(OR(B12="",F12="Feita",D12=""),"",IF(D12<TODAY(),"Atrasada",IF(D12-TODAY()<=30,"Este mês",""))) | I12: =IF(OR(B12="",D12="",F12="Feita"),"",D12+ROW()/100000)
B13: Enviar save the date | C13: 6 meses | D13: =IF(C13="","",IF(C13="12 meses",EDATE(Painel!$C$6,-12),IF(C13="10 meses",EDATE(Painel!$C$6,-10),IF(C13="8 meses",EDATE(Painel!$C$6,-8),IF(C13="6 meses",EDATE(Painel!$C$6,-6),IF(C13="4 meses",EDATE(Painel!$C$6,-4),IF(C13="3 meses",EDATE(Painel!$C$6,-3),IF(C13="2 meses",EDATE(Painel!$C$6,-2),IF(C13="1 mês",EDATE(Painel!$C$6,-1),IF(C13="2 semanas",Painel!$C$6-14,IF(C13="1 semana",Painel!$C$6-7,IF(C13="1 dia",Painel!$C$6-1,"")))))))))))) -> 46341 | F13: A fazer | G13: =IF(OR(B13="",F13="Feita",D13=""),"",IF(D13<TODAY(),"Atrasada",IF(D13-TODAY()<=30,"Este mês",""))) -> Este mês | I13: =IF(OR(B13="",D13="",F13="Feita"),"",D13+ROW()/100000) -> 46341
B14: Encomendar bolo e doces | C14: 4 meses | D14: =IF(C14="","",IF(C14="12 meses",EDATE(Painel!$C$6,-12),IF(C14="10 meses",EDATE(Painel!$C$6,-10),IF(C14="8 meses",EDATE(Painel!$C$6,-8),IF(C14="6 meses",EDATE(Painel!$C$6,-6),IF(C14="4 meses",EDATE(Painel!$C$6,-4),IF(C14="3 meses",EDATE(Painel!$C$6,-3),IF(C14="2 meses",EDATE(Painel!$C$6,-2),IF(C14="1 mês",EDATE(Painel!$C$6,-1),IF(C14="2 semanas",Painel!$C$6-14,IF(C14="1 semana",Painel!$C$6-7,IF(C14="1 dia",Painel!$C$6-1,"")))))))))))) -> 46402 | F14: A fazer | G14: =IF(OR(B14="",F14="Feita",D14=""),"",IF(D14<TODAY(),"Atrasada",IF(D14-TODAY()<=30,"Este mês",""))) | I14: =IF(OR(B14="",D14="",F14="Feita"),"",D14+ROW()/100000) -> 46402
B15: Enviar convites | C15: 3 meses | D15: =IF(C15="","",IF(C15="12 meses",EDATE(Painel!$C$6,-12),IF(C15="10 meses",EDATE(Painel!$C$6,-10),IF(C15="8 meses",EDATE(Painel!$C$6,-8),IF(C15="6 meses",EDATE(Painel!$C$6,-6),IF(C15="4 meses",EDATE(Painel!$C$6,-4),IF(C15="3 meses",EDATE(Painel!$C$6,-3),IF(C15="2 meses",EDATE(Painel!$C$6,-2),IF(C15="1 mês",EDATE(Painel!$C$6,-1),IF(C15="2 semanas",Painel!$C$6-14,IF(C15="1 semana",Painel!$C$6-7,IF(C15="1 dia",Painel!$C$6-1,"")))))))))))) -> 46433 | F15: A fazer | G15: =IF(OR(B15="",F15="Feita",D15=""),"",IF(D15<TODAY(),"Atrasada",IF(D15-TODAY()<=30,"Este mês",""))) | I15: =IF(OR(B15="",D15="",F15="Feita"),"",D15+ROW()/100000) -> 46433
B16: Definir cardápio e bebidas | C16: 2 meses | D16: =IF(C16="","",IF(C16="12 meses",EDATE(Painel!$C$6,-12),IF(C16="10 meses",EDATE(Painel!$C$6,-10),IF(C16="8 meses",EDATE(Painel!$C$6,-8),IF(C16="6 meses",EDATE(Painel!$C$6,-6),IF(C16="4 meses",EDATE(Painel!$C$6,-4),IF(C16="3 meses",EDATE(Painel!$C$6,-3),IF(C16="2 meses",EDATE(Painel!$C$6,-2),IF(C16="1 mês",EDATE(Painel!$C$6,-1),IF(C16="2 semanas",Painel!$C$6-14,IF(C16="1 semana",Painel!$C$6-7,IF(C16="1 dia",Painel!$C$6-1,"")))))))))))) -> 46461 | F16: A fazer | G16: =IF(OR(B16="",F16="Feita",D16=""),"",IF(D16<TODAY(),"Atrasada",IF(D16-TODAY()<=30,"Este mês",""))) | I16: =IF(OR(B16="",D16="",F16="Feita"),"",D16+ROW()/100000) -> 46461
B17: Confirmar presença dos convidados | C17: 1 mês | D17: =IF(C17="","",IF(C17="12 meses",EDATE(Painel!$C$6,-12),IF(C17="10 meses",EDATE(Painel!$C$6,-10),IF(C17="8 meses",EDATE(Painel!$C$6,-8),IF(C17="6 meses",EDATE(Painel!$C$6,-6),IF(C17="4 meses",EDATE(Painel!$C$6,-4),IF(C17="3 meses",EDATE(Painel!$C$6,-3),IF(C17="2 meses",EDATE(Painel!$C$6,-2),IF(C17="1 mês",EDATE(Painel!$C$6,-1),IF(C17="2 semanas",Painel!$C$6-14,IF(C17="1 semana",Painel!$C$6-7,IF(C17="1 dia",Painel!$C$6-1,"")))))))))))) -> 46492 | F17: A fazer | G17: =IF(OR(B17="",F17="Feita",D17=""),"",IF(D17<TODAY(),"Atrasada",IF(D17-TODAY()<=30,"Este mês",""))) | I17: =IF(OR(B17="",D17="",F17="Feita"),"",D17+ROW()/100000) -> 46492
... B21: Descansar! | C21: 1 dia | D21: =IF(C21="","",IF(C21="12 meses",EDATE(Painel!$C$6,-12),IF(C21="10 meses",EDATE(Painel!$C$6,-10),IF(C21="8 meses",EDATE(Painel!$C$6,-8),IF(C21="6 meses",EDATE(Painel!$C$6,-6),IF(C21="4 meses",EDATE(Painel!$C$6,-4),IF(C21="3 meses",EDATE(Painel!$C$6,-3),IF(C21="2 meses",EDATE(Painel!$C$6,-2),IF(C21="1 mês",EDATE(Painel!$C$6,-1),IF(C21="2 semanas",Painel!$C$6-14,IF(C21="1 semana",Painel!$C$6-7,IF(C21="1 dia",Painel!$C$6-1,"")))))))))))) -> 46521 | F21: A fazer | G21: =IF(OR(B21="",F21="Feita",D21=""),"",IF(D21<TODAY(),"Atrasada",IF(D21-TODAY()<=30,"Este mês",""))) | I21: =IF(OR(B21="",D21="",F21="Feita"),"",D21+ROW()/100000) -> 46521
D22: =IF(C22="","",IF(C22="12 meses",EDATE(Painel!$C$6,-12),IF(C22="10 meses",EDATE(Painel!$C$6,-10),IF(C22="8 meses",EDATE(Painel!$C$6,-8),IF(C22="6 meses",EDATE(Painel!$C$6,-6),IF(C22="4 meses",EDATE(Painel!$C$6,-4),IF(C22="3 meses",EDATE(Painel!$C$6,-3),IF(C22="2 meses",EDATE(Painel!$C$6,-2),IF(C22="1 mês",EDATE(Painel!$C$6,-1),IF(C22="2 semanas",Painel!$C$6-14,IF(C22="1 semana",Painel!$C$6-7,IF(C22="1 dia",Painel!$C$6-1,"")))))))))))) | G22: =IF(OR(B22="",F22="Feita",D22=""),"",IF(D22<TODAY(),"Atrasada",IF(D22-TODAY()<=30,"Este mês",""))) | I22: =IF(OR(B22="",D22="",F22="Feita"),"",D22+ROW()/100000)
D23: =IF(C23="","",IF(C23="12 meses",EDATE(Painel!$C$6,-12),IF(C23="10 meses",EDATE(Painel!$C$6,-10),IF(C23="8 meses",EDATE(Painel!$C$6,-8),IF(C23="6 meses",EDATE(Painel!$C$6,-6),IF(C23="4 meses",EDATE(Painel!$C$6,-4),IF(C23="3 meses",EDATE(Painel!$C$6,-3),IF(C23="2 meses",EDATE(Painel!$C$6,-2),IF(C23="1 mês",EDATE(Painel!$C$6,-1),IF(C23="2 semanas",Painel!$C$6-14,IF(C23="1 semana",Painel!$C$6-7,IF(C23="1 dia",Painel!$C$6-1,"")))))))))))) | G23: =IF(OR(B23="",F23="Feita",D23=""),"",IF(D23<TODAY(),"Atrasada",IF(D23-TODAY()<=30,"Este mês",""))) | I23: =IF(OR(B23="",D23="",F23="Feita"),"",D23+ROW()/100000)
D24: =IF(C24="","",IF(C24="12 meses",EDATE(Painel!$C$6,-12),IF(C24="10 meses",EDATE(Painel!$C$6,-10),IF(C24="8 meses",EDATE(Painel!$C$6,-8),IF(C24="6 meses",EDATE(Painel!$C$6,-6),IF(C24="4 meses",EDATE(Painel!$C$6,-4),IF(C24="3 meses",EDATE(Painel!$C$6,-3),IF(C24="2 meses",EDATE(Painel!$C$6,-2),IF(C24="1 mês",EDATE(Painel!$C$6,-1),IF(C24="2 semanas",Painel!$C$6-14,IF(C24="1 semana",Painel!$C$6-7,IF(C24="1 dia",Painel!$C$6-1,"")))))))))))) | G24: =IF(OR(B24="",F24="Feita",D24=""),"",IF(D24<TODAY(),"Atrasada",IF(D24-TODAY()<=30,"Este mês",""))) | I24: =IF(OR(B24="",D24="",F24="Feita"),"",D24+ROW()/100000)
D25: =IF(C25="","",IF(C25="12 meses",EDATE(Painel!$C$6,-12),IF(C25="10 meses",EDATE(Painel!$C$6,-10),IF(C25="8 meses",EDATE(Painel!$C$6,-8),IF(C25="6 meses",EDATE(Painel!$C$6,-6),IF(C25="4 meses",EDATE(Painel!$C$6,-4),IF(C25="3 meses",EDATE(Painel!$C$6,-3),IF(C25="2 meses",EDATE(Painel!$C$6,-2),IF(C25="1 mês",EDATE(Painel!$C$6,-1),IF(C25="2 semanas",Painel!$C$6-14,IF(C25="1 semana",Painel!$C$6-7,IF(C25="1 dia",Painel!$C$6-1,"")))))))))))) | G25: =IF(OR(B25="",F25="Feita",D25=""),"",IF(D25<TODAY(),"Atrasada",IF(D25-TODAY()<=30,"Este mês",""))) | I25: =IF(OR(B25="",D25="",F25="Feita"),"",D25+ROW()/100000)
D26: =IF(C26="","",IF(C26="12 meses",EDATE(Painel!$C$6,-12),IF(C26="10 meses",EDATE(Painel!$C$6,-10),IF(C26="8 meses",EDATE(Painel!$C$6,-8),IF(C26="6 meses",EDATE(Painel!$C$6,-6),IF(C26="4 meses",EDATE(Painel!$C$6,-4),IF(C26="3 meses",EDATE(Painel!$C$6,-3),IF(C26="2 meses",EDATE(Painel!$C$6,-2),IF(C26="1 mês",EDATE(Painel!$C$6,-1),IF(C26="2 semanas",Painel!$C$6-14,IF(C26="1 semana",Painel!$C$6-7,IF(C26="1 dia",Painel!$C$6-1,"")))))))))))) | G26: =IF(OR(B26="",F26="Feita",D26=""),"",IF(D26<TODAY(),"Atrasada",IF(D26-TODAY()<=30,"Este mês",""))) | I26: =IF(OR(B26="",D26="",F26="Feita"),"",D26+ROW()/100000)
D27: =IF(C27="","",IF(C27="12 meses",EDATE(Painel!$C$6,-12),IF(C27="10 meses",EDATE(Painel!$C$6,-10),IF(C27="8 meses",EDATE(Painel!$C$6,-8),IF(C27="6 meses",EDATE(Painel!$C$6,-6),IF(C27="4 meses",EDATE(Painel!$C$6,-4),IF(C27="3 meses",EDATE(Painel!$C$6,-3),IF(C27="2 meses",EDATE(Painel!$C$6,-2),IF(C27="1 mês",EDATE(Painel!$C$6,-1),IF(C27="2 semanas",Painel!$C$6-14,IF(C27="1 semana",Painel!$C$6-7,IF(C27="1 dia",Painel!$C$6-1,"")))))))))))) | G27: =IF(OR(B27="",F27="Feita",D27=""),"",IF(D27<TODAY(),"Atrasada",IF(D27-TODAY()<=30,"Este mês",""))) | I27: =IF(OR(B27="",D27="",F27="Feita"),"",D27+ROW()/100000)
D28: =IF(C28="","",IF(C28="12 meses",EDATE(Painel!$C$6,-12),IF(C28="10 meses",EDATE(Painel!$C$6,-10),IF(C28="8 meses",EDATE(Painel!$C$6,-8),IF(C28="6 meses",EDATE(Painel!$C$6,-6),IF(C28="4 meses",EDATE(Painel!$C$6,-4),IF(C28="3 meses",EDATE(Painel!$C$6,-3),IF(C28="2 meses",EDATE(Painel!$C$6,-2),IF(C28="1 mês",EDATE(Painel!$C$6,-1),IF(C28="2 semanas",Painel!$C$6-14,IF(C28="1 semana",Painel!$C$6-7,IF(C28="1 dia",Painel!$C$6-1,"")))))))))))) | G28: =IF(OR(B28="",F28="Feita",D28=""),"",IF(D28<TODAY(),"Atrasada",IF(D28-TODAY()<=30,"Este mês",""))) | I28: =IF(OR(B28="",D28="",F28="Feita"),"",D28+ROW()/100000)
D29: =IF(C29="","",IF(C29="12 meses",EDATE(Painel!$C$6,-12),IF(C29="10 meses",EDATE(Painel!$C$6,-10),IF(C29="8 meses",EDATE(Painel!$C$6,-8),IF(C29="6 meses",EDATE(Painel!$C$6,-6),IF(C29="4 meses",EDATE(Painel!$C$6,-4),IF(C29="3 meses",EDATE(Painel!$C$6,-3),IF(C29="2 meses",EDATE(Painel!$C$6,-2),IF(C29="1 mês",EDATE(Painel!$C$6,-1),IF(C29="2 semanas",Painel!$C$6-14,IF(C29="1 semana",Painel!$C$6-7,IF(C29="1 dia",Painel!$C$6-1,"")))))))))))) | G29: =IF(OR(B29="",F29="Feita",D29=""),"",IF(D29<TODAY(),"Atrasada",IF(D29-TODAY()<=30,"Este mês",""))) | I29: =IF(OR(B29="",D29="",F29="Feita"),"",D29+ROW()/100000)
D30: =IF(C30="","",IF(C30="12 meses",EDATE(Painel!$C$6,-12),IF(C30="10 meses",EDATE(Painel!$C$6,-10),IF(C30="8 meses",EDATE(Painel!$C$6,-8),IF(C30="6 meses",EDATE(Painel!$C$6,-6),IF(C30="4 meses",EDATE(Painel!$C$6,-4),IF(C30="3 meses",EDATE(Painel!$C$6,-3),IF(C30="2 meses",EDATE(Painel!$C$6,-2),IF(C30="1 mês",EDATE(Painel!$C$6,-1),IF(C30="2 semanas",Painel!$C$6-14,IF(C30="1 semana",Painel!$C$6-7,IF(C30="1 dia",Painel!$C$6-1,"")))))))))))) | G30: =IF(OR(B30="",F30="Feita",D30=""),"",IF(D30<TODAY(),"Atrasada",IF(D30-TODAY()<=30,"Este mês",""))) | I30: =IF(OR(B30="",D30="",F30="Feita"),"",D30+ROW()/100000)
D31: =IF(C31="","",IF(C31="12 meses",EDATE(Painel!$C$6,-12),IF(C31="10 meses",EDATE(Painel!$C$6,-10),IF(C31="8 meses",EDATE(Painel!$C$6,-8),IF(C31="6 meses",EDATE(Painel!$C$6,-6),IF(C31="4 meses",EDATE(Painel!$C$6,-4),IF(C31="3 meses",EDATE(Painel!$C$6,-3),IF(C31="2 meses",EDATE(Painel!$C$6,-2),IF(C31="1 mês",EDATE(Painel!$C$6,-1),IF(C31="2 semanas",Painel!$C$6-14,IF(C31="1 semana",Painel!$C$6-7,IF(C31="1 dia",Painel!$C$6-1,"")))))))))))) | G31: =IF(OR(B31="",F31="Feita",D31=""),"",IF(D31<TODAY(),"Atrasada",IF(D31-TODAY()<=30,"Este mês",""))) | I31: =IF(OR(B31="",D31="",F31="Feita"),"",D31+ROW()/100000)
D32: =IF(C32="","",IF(C32="12 meses",EDATE(Painel!$C$6,-12),IF(C32="10 meses",EDATE(Painel!$C$6,-10),IF(C32="8 meses",EDATE(Painel!$C$6,-8),IF(C32="6 meses",EDATE(Painel!$C$6,-6),IF(C32="4 meses",EDATE(Painel!$C$6,-4),IF(C32="3 meses",EDATE(Painel!$C$6,-3),IF(C32="2 meses",EDATE(Painel!$C$6,-2),IF(C32="1 mês",EDATE(Painel!$C$6,-1),IF(C32="2 semanas",Painel!$C$6-14,IF(C32="1 semana",Painel!$C$6-7,IF(C32="1 dia",Painel!$C$6-1,"")))))))))))) | G32: =IF(OR(B32="",F32="Feita",D32=""),"",IF(D32<TODAY(),"Atrasada",IF(D32-TODAY()<=30,"Este mês",""))) | I32: =IF(OR(B32="",D32="",F32="Feita"),"",D32+ROW()/100000)
D33: =IF(C33="","",IF(C33="12 meses",EDATE(Painel!$C$6,-12),IF(C33="10 meses",EDATE(Painel!$C$6,-10),IF(C33="8 meses",EDATE(Painel!$C$6,-8),IF(C33="6 meses",EDATE(Painel!$C$6,-6),IF(C33="4 meses",EDATE(Painel!$C$6,-4),IF(C33="3 meses",EDATE(Painel!$C$6,-3),IF(C33="2 meses",EDATE(Painel!$C$6,-2),IF(C33="1 mês",EDATE(Painel!$C$6,-1),IF(C33="2 semanas",Painel!$C$6-14,IF(C33="1 semana",Painel!$C$6-7,IF(C33="1 dia",Painel!$C$6-1,"")))))))))))) | G33: =IF(OR(B33="",F33="Feita",D33=""),"",IF(D33<TODAY(),"Atrasada",IF(D33-TODAY()<=30,"Este mês",""))) | I33: =IF(OR(B33="",D33="",F33="Feita"),"",D33+ROW()/100000)
... D85: =IF(C85="","",IF(C85="12 meses",EDATE(Painel!$C$6,-12),IF(C85="10 meses",EDATE(Painel!$C$6,-10),IF(C85="8 meses",EDATE(Painel!$C$6,-8),IF(C85="6 meses",EDATE(Painel!$C$6,-6),IF(C85="4 meses",EDATE(Painel!$C$6,-4),IF(C85="3 meses",EDATE(Painel!$C$6,-3),IF(C85="2 meses",EDATE(Painel!$C$6,-2),IF(C85="1 mês",EDATE(Painel!$C$6,-1),IF(C85="2 semanas",Painel!$C$6-14,IF(C85="1 semana",Painel!$C$6-7,IF(C85="1 dia",Painel!$C$6-1,"")))))))))))) | G85: =IF(OR(B85="",F85="Feita",D85=""),"",IF(D85<TODAY(),"Atrasada",IF(D85-TODAY()<=30,"Este mês",""))) | I85: =IF(OR(B85="",D85="",F85="Feita"),"",D85+ROW()/100000)

Sheet Como usar
B2: Como usar esta planilha
B3: Planejamento de Festa ou Casamento
B5: Passo a passo
B6: 1 | C6: No Painel, preencha o nome do evento, a data e o orçamento total.
B7: 2 | C7: Na aba Orçamento, liste cada item com o valor previsto, o contratado e o que já foi pago.
B8: 3 | C8: Na aba Convidados, cadastre cada família com adultos, crianças, confirmação e envio do convite.
B9: 4 | C9: Na aba Tarefas, escolha quanto tempo antes cada tarefa deve ser feita: a data limite é calculada pela data do evento.
B10: 5 | C10: O Painel mostra a contagem regressiva, o orçamento, os convidados e as próximas tarefas.
B12: Legenda de cores
C13: Células brancas: é aqui que você digita.
C14: Células cinza: calculam sozinhas. Não precisa mexer.
B16: Dicas
B17: • | C17: Deixe uma reserva de 5% a 10% do orçamento para imprevistos.
B18: • | C18: Use o custo por convidado para decidir o tamanho da lista.
B19: • | C19: Serve para casamento, aniversário, 15 anos, chá de bebê, formatura ou qualquer evento.
B20: • | C20: As linhas de exemplo podem ser apagadas. Funciona no Excel, Google Planilhas e LibreOffice.
C22: Modelo gratuito do DocFree · docfree.com.br · planilhas e modelos sem cadastro
